 Dungeon Crawl Stone Soup version 0.24.0-123-gd5b16e6ec5 (webtiles) character file.

Game seed: 885521002995824851, levelgen mode: deterministic

23 Descartes the Gusty (level 3, -4/19 HPs)
             Began as a Tengu Air Elementalist on Feb 5, 2020.
             Shot with an arrow by a centaur (10 damage)
             ... on level 2 of the Dungeon.
             The game lasted 00:02:42 (1107 turns).

Descartes the Gusty (Tengu Air Elementalist)        Turns: 1107, Time: 00:02:43

Health: -4/19      AC:  2    Str:  8    XL:     3   Next: 0%
Magic:  6/7        EV: 13    Int: 16    God:
Gold:   50         SH:  0    Dex: 14    Spells: 5/6 levels left

rFire    . . .     SeeInvis .   g - +0 dagger
rCold    . . .     Gourm    .   (no shield)
rNeg     . . .     Faith    .   a - +0 robe
rPois    .         Spirit   .   (helmet restricted)
rElec    .         Reflect  .   (no cloak)
rCorr    .         Harm     .   (no gloves)
MR       .....                  (boots unavailable)
Stlth    ++........             (no amulet)
HPRegen  0.06/turn              (no ring)
MPRegen  0.10/turn              (no ring)

@: no status effects
A: beak, talons 3
a: no special abilities


You were on level 2 of the Dungeon.
You were not hungry.

You visited 1 branch of the dungeon, and saw 2 of its levels.

You collected 50 gold pieces.

Inventory:

Hand Weapons
 g - a +0 dagger (weapon)
Missiles
 d - 5 boomerangs
 f - 16 bolts
 i - 22 arrows
 j - 10 stones (quivered)
Armour
 a - a +0 robe (worn)
Jewellery
 l - an uncursed ring of protection from cold {unknown}
Scrolls
 b - a scroll of teleportation {unknown}
 e - 2 scrolls of enchant weapon {unknown}
 h - a scroll of random uselessness {unknown}
 m - a scroll of identify {unknown}
Potions
 k - a potion of heal wounds {unknown}
 n - a potion of lignification {unknown}
Comestibles
 c - 3 rations


   Skills:
 + Level 2.4 Dodging
 + Level 2.1 Stealth
 * Level 2.4 Spellcasting
 * Level 2.1 Conjurations
 * Level 4.4 Air Magic


You had 5 spell levels left.
You knew the following spells:

 Your Spells              Type           Power        Failure   Level  Hunger
a - Shock                 Conj/Air       ##..         5%          1    #......

Your spell library contained the following spells:

 Spells                   Type           Power        Failure   Level  Hunger
 Swiftness                Chrm/Air       #.......     12%         2    ###....
 Static Discharge         Conj/Air       ##......     16%         3    ###....
 Airstrike                Air            ###.......   32%         4    #####..
 Lightning Bolt           Conj/Air       ##........   82%         5    ######.


Dungeon Overview and Level Annotations

Branches:
Dungeon (2/15)

Altars:


Innate Abilities, Weirdness & Mutations

You have a beak for a mouth.
You have claws for feet.


Message History

Casting: Shock (safe; 5% risk of failure)
Confirm with . or Enter, or press ? or * to list all spells.
Aiming: Shock (safe; 5% risk of failure)
Press: ? - help, Shift-Dir - straight line, f - centaur
Aim: a centaur (resting)
The zap hits the dart slug.
The dart slug is lightly wounded.
The zap hits the centaur.
The centaur is moderately wounded.
The centaur shouts!
The centaur wields a cursed +0 shortbow.
The centaur shoots an arrow.
The arrow hits you!
Ouch! That really hurt!
You see here an arrow.
A worm comes into view.
The centaur shoots an arrow.
The arrow closely misses you.
Found 28 bolts.
Found a stone staircase leading down.
The centaur shoots an arrow.
The arrow hits you!
Ouch! That really hurt!
You die...

..
#+###w.#.
#!((..>..
#.# #@#
#.# #c#
......w.#
###.cw..#
#.....#
#......
#..>..#
#.....#


You could see a centaur and a dart slug.

Vanquished Creatures
  A leopard gecko (D:1)
  4 bats (D:1)
  A giant cockroach (D:1)
  A goblin (D:1)
  3 hobgoblins (D:1)
  2 jackals (D:1)
  3 frilled lizards (D:1)
  3 kobolds (D:1)
  4 rats (D:1)
22 creatures vanquished.

Notes
Turn   | Place    | Note
-------+----------+-------------------------------------------
     0 | D:1      | Descartes the Tengu Air Elementalist began the quest for
                  | the Orb.
     0 | D:1      | Reached XP level 1. HP: 10/10 MP: 4/4
   273 | D:1      | Reached XP level 2. HP: 15/15 MP: 0/6
  1075 | D:1      | Reached XP level 3. HP: 19/19 MP: 5/7
  1102 | D:2      | Noticed a centaur
  1107 | D:2      | Shot with an arrow by a centaur

Levels and vault maps discovered:
D:1:      lightli_iron_boxes, layout_basic, hangedman_glass_teeth
D:2:      layout_basic, chequers_ecumenical_altar_simple

Skill      XL: |  1  2 |
---------------+-------+-----
Conjurations   | 2 |  2.1
Dodging        | |  2.4
Stealth        | |  2.1
Spellcasting   | |  2.4
Air Magic      | |  4.4

Action                   || total
-------------------------++-------
Melee: Dagger            ||     1
       Kick              ||     1
 Cast: Shock             ||    47
  Eat: Chunk             ||     1
Armor: Robe              ||     5
Dodge: Dodged            ||     9
